 Dungeon Crawl Stone Soup version 0.27.1-33-g824d729ab1 (webtiles) character file.

Game seed: 5989690351566332558

1241 Atelerd the Geomancer (level 8, -8/46 HPs)
             Began as an Octopode Earth Elementalist on Dec 22, 2021.
             Mangled by Duvessa (14 damage)
             ... on level 5 of the Dungeon.
             The game lasted 00:05:59 (4805 turns).

Atelerd the Geomancer (Octopode Earth Elementalist) Turns: 4805, Time: 00:06:00

Health: -8/46      AC:  1    Str:  7 (8)  XL:     8   Next: 49%
Magic:  3/24       EV: 17    Int: 18 (19) God:
Gold:   182        SH:  0    Dex: 11 (12) Spells: 12/17 levels left

rFire    . . .     SeeInvis .   d - +2 dagger (venom)
rCold    . . .     Faith    .   (no shield)
rNeg     . . .     Spirit   .   (helmet restricted)
rPois    .         Reflect  .   (no amulet)
rElec    .         Harm     .   j - +4 ring of evasion
rCorr    .         Rampage  .   o - ring of magical power
Will     .....                  (no ring)
Stlth    ++++......             (no ring)
HPRegen  0.15/turn              (no ring)
MPRegen  0.19/turn              (no ring)
                                (no ring)
                                (no ring)

@: very slightly contaminated, hasted, very quick
A: almost no armour, amphibious, 8 rings, camouflage 1, gelatinous body 1,
(nimble swimmer 1), tentacles
a: no special abilities


You were on level 5 of the Dungeon.
You visited 1 branch of the dungeon, and saw 5 of its levels.

You collected 210 gold pieces.
You spent 28 gold pieces at shops.

Inventory:

Hand Weapons
 d - a +2 dagger of venom (weapon)
Missiles
 b - 21 stones
Jewellery
 j - a +4 ring of evasion (left tentacle)
 o - a ring of magical power (right tentacle)
 p - a ring of protection from fire
Wands
 e - a wand of iceblast (9)
Scrolls
 a - 3 scrolls of identify
 c - 2 scrolls of immolation
 f - a scroll of magic mapping
 i - 3 scrolls of enchant weapon
 k - 2 scrolls of amnesia
 m - a scroll of enchant armour {unknown}
 n - 2 scrolls of teleportation {unknown}


   Skills:
 - Level 2.0 Dodging
 - Level 5.0 Stealth
 + Level 5.1 Spellcasting
 - Level 3.0 Transmutations
 - Level 8.0 Earth Magic


You had 12 spell levels left.
You knew the following spells:

 Your Spells              Type           Power      Damage    Failure   Level
a - Sandblast             Erth           66%        2d15      1%          1
p - Petrify               Tmut/Erth      24%        N/A       14%         4

Your spell library contained the following spells:

 Spells                   Type           Power      Damage    Failure   Level
 Passwall                 Tmut/Erth      20%        N/A       1%          2
 Stone Arrow              Conj/Erth      38%        3d9       8%          3
 Corona                   Hex            4%         N/A       13%         1
 Ensorcelled Hibernation  Hex/Ice        8%         N/A       21%         2
 Tukima's Dance           Hex            4%         N/A       36%         3


Dungeon Overview and Level Annotations

Branches:
Dungeon (5/15)
 Temple: D:4-7

Altars:
Fedhas
Hepliaklqana
Makhleb

Shops:
D:2 ?

Annotations:
D:2 1 runed translucent door, Crazy Yiuf
D:4 2 exclusions
D:5 2 runed translucent doors, Destapler's ghost, novice FoFi; Duvessa


Innate Abilities, Weirdness & Mutations

You cannot wear most types of armour.
You are amphibious.
You can wear up to eight rings at the same time.
Your skin changes colour to match your surroundings (Stealth+).
Your rubbery body absorbs attacks. (AC +1, EV +1)
((You are camouflaged near water. (Stealth+)))
You have tentacles for arms and can constrict up to eight enemies at once.


Message History

Unknown command.
Blink to where?
Press: ? - help, Dir - move target, p - Duvessa
As you read the scroll of blinking, it crumbles to dust.
Unknown command.
Okay, then.
It was a potion of degeneration.
There was something very wrong with that liquid.
You feel weakened.
You feel dopey.
You feel clumsy.
It was a potion of haste.
You feel yourself speed up. Duvessa says, "Did you see that move?
Perfect!"
Casting: Petrify (quite dangerous; 14% risk of failure)
Confirm with . or Enter, or press ? or * to list all spells.
The spell is quite dangerous to cast (14% risk of failure)!
Continue anyway?
Okay, then.
Casting: Petrify (quite dangerous; 14% risk of failure)
Confirm with . or Enter, or press ? or * to list all spells.
The spell is quite dangerous to cast (14% risk of failure)!
Continue anyway?
Aiming: Petrify (quite dangerous; 14% risk of failure)
Press: ? - help, Shift-Dir - straight line, f - Duvessa
Aim: Duvessa, wielding a +0 short sword and wearing a +0 ring mail (fast, chance to affect: 36%) Duvessa easily resists.
Unknown command.
Duvessa yells, "You can run, but you cannot escape us forever!"
Duvessa screams in rage.
Duvessa goes berserk!
You feel a bit more experienced.
Training target 8.0 for Earth Magic reached!
Your Earth Magic skill increases to level 8!
You need to enable at least one skill for training.
Duvessa rages.
Okay, then.
Duvessa rages.
Found a wand of iceblast (9).
Duvessa rages.
You see here a wand of iceblast (9).
Okay, then.
You aren't carrying any potions.
Unknown command.
Duvessa hits you with a +0 short sword!
You die...

######..# #..# .#
######..###.### .#
............>.. .#
##.####.####### .#
##<####.# .#
........## .#
##.####..# #####.#
####'####./.@.#
#.......###e..#
#.#...#.###...#.##
#.......##.........
#.......##.#.######
#####.......##.#.#
#...#.#...#.#....#
#...#.......##.###
....####.#####.#


You could see Duvessa (berserk, fast).

Vanquished Creatures
  Sigmund (D:2)
  An ice beast (D:5)
  2 necrophages (D:4)
  An ogre (D:5)
  A phantom (D:5)
  2 scorpions (D:5)
  Dowan (D:5)
  2 hounds
  2 bullfrog skeletons (D:5)
  2 jellies
  3 iguanas
  Ijyb (D:5)
  Natasha (thrice) (D:2)
  Robin (D:3)
  6 adders
  A white imp (D:5)
  An adder zombie (D:5)
  A worm (D:3)
  3 dart slugs
  An orc (D:4)
  2 giant cockroaches
  14 goblins
  4 hobgoblins (D:3)
  4 jackals (D:3)
  3 quokkas
  3 ball pythons
  2 bats
  2 frilled lizards (D:3)
  4 kobolds
  3 rats
77 creatures vanquished.

Notes
Turn   | Place    | Note
-------+----------+-------------------------------------------
     0 | D:1      | Atelerd the Octopode Earth Elementalist began the quest for
                  | the Orb.
     0 | D:1      | Reached XP level 1. HP: 11/11 MP: 3/3
   597 | D:1      | Reached XP level 2. HP: 17/17 MP: 3/5
  1021 | D:2      | Noticed Sigmund
  1028 | D:2      | Killed Sigmund
  1029 | D:2      | Reached skill level 4 in Earth Magic
  1029 | D:2      | Reached XP level 3. HP: 12/21 MP: 2/8
  1029 | D:2      | Reached XP level 4. HP: 15/27 MP: 2/9
  1029 | D:2      | Reached XP level 5. HP: 18/31 MP: 2/10
  1359 | D:2      | Found a burning altar of Makhleb.
  1557 | D:2      | Found Abbui's Magic Scroll Shoppe.
  1563 | D:2      | Bought a scroll of identify for 28 gold pieces
  1715 | D:2      | Found a runed translucent door.
  1716 | D:2      | Noticed Crazy Yiuf
  1764 | D:2      | Found a faded altar of an unknown god.
  1825 | D:2      | Noticed Natasha
  1832 | D:2      | Killed Natasha
  1833 | D:2      | Reached XP level 6. HP: 36/36 MP: 9/11
  2140 | D:2      | Noticed Natasha
  2148 | D:2      | Killed Natasha
  2149 | D:2      | Reached skill level 5 in Earth Magic
  2156 | D:2      | Noticed Natasha
  2163 | D:2      | Killed Natasha
  2480 | D:3      | Noticed Robin
  2654 | D:3      | Killed Robin
  2861 | D:3      | Learned a level 4 spell: Petrify
  2970 | D:3      | Found a blossoming altar of Fedhas.
  3087 | D:3      | Found a hazy altar of Hepliaklqana.
  3214 | D:4      | Noticed an orc warrior
  3364 | D:4      | Noticed a necrophage
  3371 | D:4      | Killed a necrophage
  3453 | D:4      | Reached XP level 7. HP: 36/41 MP: 14/14
  3817 | D:4      | Reached skill level 5 in Spellcasting
  3817 | D:4      | Reached skill level 6 in Earth Magic
  4027 | D:5      | Entered Level 5 of the Dungeon
  4058 | D:5      | HP: 2/41 [white imp (2)]
  4077 | D:5      | Reached XP level 8. HP: 4/46 MP: 13/15
  4420 | D:5      | Found a large runed translucent door.
  4420 | D:5      | Found a large runed translucent door.
  4423 | D:5      | Noticed Destapler's ghost (novice FoFi)
  4489 | D:5      | Reached skill level 7 in Earth Magic
  4542 | D:5      | Noticed Ijyb
  4547 | D:5      | Reached skill level 5 in Stealth
  4550 | D:5      | Killed Ijyb
  4760 | D:5      | Noticed Duvessa
  4761 | D:5      | Noticed Dowan
  4775 | D:5      | HP: 2/46 [Dowan (5)]
  4792 | D:5      | Killed Dowan
  4793 | D:5      | Reached skill level 8 in Earth Magic
  4805 | D:5      | Mangled by Duvessa

Illustrated notes

Levels and vault maps discovered:
D:1:      wheals_arrival_linesprint, layout_loops_ring, minivault_24,
          minmay_pentomino_r2
D:2:      layout_basic, serial_shops, nicolae_diamond_shop, basic_altar,
          shapermc_ecumenical_altar_mp_urbaneastern, uniq_natasha,
          uniq_crazy_yiuf_cottage, uniq_sigmund
D:3:      layout_rooms, nicolae_hepliaklqana_hippocampus, fedhas_altar_1,
          hex_tiny, uniq_robin
D:4:      layout_gridville
D:5:      layout_loops_ring, mainiacjoe_overflow_paths, bloody_trog,
          nicolae_ru_the_path_less_chosen, ebering_ghost_disaster_area,
          minivault_23, grunt_ministairs_11, st_stairs_9,
          kennysheep_small_square, uniq_grinder, uniq_duvessa, uniq_ijyb

Skill      XL: |  1  2  3  4  5  6  7  8 |
---------------+-------------------------+-----
Spellcasting   | 3 4 5 |  5.1
Transmutations | 2 3 |  3.0
Earth Magic    | 4 5 6 8 |  8.0
Stealth        | 4 5 |  5.0
Dodging        | |  2.0

Action                   |  1- 3 |  4- 6 |  7- 9 || total
-------------------------+-------+-------+-------++-------
Melee: Constrict         |     3 |    11 |     2 ||    16
       Dagger            |     4 |    25 |     9 ||    38
       Tentacles         |     2 |     4 |     2 ||     8
       Unarmed           |     1 |       |       ||     1
 Cast: Sandblast         |    10 |    57 |    54 ||   121
       Petrify           |       |       |     4 ||     4
  Use: Scroll            |       |     7 |     1 ||     8
       Potion            |       |       |     5 ||     5
 Stab: Sleeping          |     1 |     2 |     1 ||     4
Armor: Skin              |       |     2 |     1 ||     3
Dodge: Dodged            |     4 |    30 |    23 ||    57
